 Dungeon Crawl Stone Soup version 0.21.1-1-g345015f (webtiles) character file.

616 xccam the Basher (level 7, -1/85 HPs)
             Began as a Minotaur Fighter on Feb 11, 2018.
             Succumbed to kobold's curare-tipped needle
             ... on level 3 of the Dungeon.
             The game lasted 00:05:22 (1992 turns).

xccam the Basher (Minotaur Fighter)                 Turns: 1992, Time: 00:05:23

Health: -1/85      AC: 23    Str: 21    XL:     7   Next: 21%
Magic:  6/6        EV:  2    Int: 10    God:
Gold:   134        SH:  9    Dex: 11    Spells: 6/6 levels left

rFire    . . .     SeeInvis .   a - +0 flail
rCold    . . .     Gourm    .   c - +0 shield
rNeg     + + +     Faith    .   (armour currently unavailable)
rPois    +         Spirit   .   (helmet currently unavailable)
rElec    .         Reflect  .   (cloak currently unavailable)
rCorr    .         Harm     .   (gloves currently unavailable)
MR       .....     NoTele   +   (boots currently unavailable)
Stlth    +.........             (no amulet)
HPRegen  0.24/turn              (no ring)
MPRegen  0.10/turn              (no ring)

@: brilliant, lethally poisoned (-1 -> -15), tree-form, slowed, very slow
A: (retaliatory headbutt), sense surroundings 1, screaming 1
a: no special abilities


You were on level 3 of the Dungeon.
You were not hungry.
You were a tree.
You visited 1 branch of the dungeon, and saw 4 of its levels.

You collected 134 gold pieces.

Inventory:

Hand Weapons
 a - a +0 flail (weapon)
Armour
 b - a +0 scale mail (melded)
 c - a +0 shield (worn)
 e - a +0 cloak (melded)
Scrolls
 g - a scroll of remove curse
 k - a scroll of teleportation
 n - a scroll of fog
Potions
 d - a potion of might
 j - a potion of mutation
 l - a potion of cancellation {unknown}
 m - a potion of degeneration {unknown}
Comestibles
 f - 4 rations
 o - 2 chunks of flesh


   Skills:
 - Level 3.6 Fighting
 + Level 9.6 Maces & Flails
 - Level 3.7 Armour
 - Level 3.7 Shields


You had 6 spell levels left.
You didn't know any spells.

Dungeon Overview and Level Annotations

Branches:
Dungeon (4/15)
 Temple: D:4-7

Altars:
Nemelex Xobeh
Sif Muna


Innate Abilities, Weirdness & Mutations

((You reflexively headbutt those who attack you in melee.))
((You have a pair of horns on your head.))
You passively map a small area around you.
You occasionally shout uncontrollably at your foes.


Message History

* * * LOW HITPOINT WARNING * * *
You feel very sick.
* * * LOW HITPOINT WARNING * * *
You feel very sick.
* * * LOW HITPOINT WARNING * * *
You feel very sick.
It was a potion of mutation.
You feel extremely strange.
You feel the urge to shout.
You feel clever.
You feel stupid.
You feel a strange attunement to the structure of the dungeons.
* * * LOW HITPOINT WARNING * * *
You feel very sick.
It was a potion of lignification.
You turn into a tree.
Your +0 cloak melds into your body.
Your +0 scale mail melds into your body.
Your roots penetrate the ground.
* * * LOW HITPOINT WARNING * * *
You feel very sick.
It was a potion of brilliance.
You feel clever all of a sudden.
You die...

.. ####.# * ..#
.....##* * #.#
....... #.#
###..## #.# .##..#
#.# .##..### #.#
.##....# #)#
.##....#########♣#
...............(.#
#####..########.##
# #..# #(# ##..#
#(# ####...# #(#
......## #.#
####..# #.#
......# #.#


There were no monsters in sight!

Vanquished Creatures
  The ghost of Frank the Shield-Bearer, an amateur OpFi of Gozag (D:3)
  The ghost of Vesto the Skirmisher, an amateur GrFi (D:4)
  A centaur (D:4)
  An ogre (D:4)
  A big kobold (D:4)
  An iguana (D:4)
  A gnoll (D:1)
  3 adders
  An ooze (D:1)
  An adder skeleton (D:4)
  A worm (D:3)
  5 dart slugs
  2 leopard geckos (D:1)
  2 orcs (D:3)
  10 bats
  4 giant cockroaches
  3 goblins
  10 hobgoblins
  2 jackals (D:2)
  7 kobolds
  A quokka (D:2)
  4 ball pythons
  A frilled lizard (D:3)
  5 rats
69 creatures vanquished.

Notes
Turn   | Place    | Note
-------+----------+-------------------------------------------
     0 | D:1      | xccam the Minotaur Fighter began the quest for the Orb.
     0 | D:1      | Reached XP level 1. HP: 19/19 MP: 0/0
   130 | D:1      | Reached skill level 3 in Maces & Flails
   137 | D:1      | Reached XP level 2. HP: 26/26 MP: 1/1
   186 | D:1      | Reached skill level 4 in Maces & Flails
   232 | D:1      | Reached XP level 3. HP: 30/31 MP: 2/2
  1037 | D:2      | Reached skill level 5 in Maces & Flails
  1069 | D:2      | Found a sparkling altar of Nemelex Xobeh.
  1142 | D:2      | Reached XP level 4. HP: 22/39 MP: 3/3
  1151 | D:2      | Found a deep blue altar of Sif Muna.
  1352 | D:3      | Noticed Frank's ghost (amateur OpFi)
  1365 | D:3      | HP: 1/39 [Frank's ghost (6)]
  1366 | D:3      | Killed Frank's ghost
  1366 | D:3      | Reached skill level 7 in Maces & Flails
  1366 | D:3      | Reached XP level 5. HP: 1/45 MP: 4/4
  1444 | D:3      | You fall through a shaft!
  1448 | D:4      | Noticed a centaur
  1457 | D:4      | Killed a centaur
  1457 | D:4      | Reached XP level 6. HP: 17/51 MP: 5/5
  1666 | D:4      | Noticed Vesto's ghost (amateur GrFi)
  1677 | D:4      | Killed Vesto's ghost
  1677 | D:4      | Reached skill level 8 in Maces & Flails
  1705 | D:4      | Reached skill level 9 in Maces & Flails
  1716 | D:4      | Reached XP level 7. HP: 44/57 MP: 6/6
  1990 | D:3      | Gained mutation: You occasionally shout uncontrollably at your foes. [potion of mutation]
  1990 | D:3      | Gained mutation: Your mind is acute. (Int +2) [potion of mutation]
  1990 | D:3      | Lost mutation: Your mind is acute. (Int +2) [potion of mutation]
  1990 | D:3      | Gained mutation: You passively map a small area around you. [potion of mutation]
  1991 | D:3      | HP: 1/85 [poisoned by kobold (curare-tipped needle)]
  1992 | D:3      | Succumbed to kobold's curare-tipped needle

Skill      XL: |  1  2  3  4  5  6 |
---------------+-------------------+-----
Maces & Flails | 3 4 5 7 9 |  9.6
Fighting       | |  3.6
Armour         | |  3.7
Shields        | |  3.7

Action                   |  1- 3 |  4- 6 |  7- 9 || total
-------------------------+-------+-------+-------++-------
Melee: Flail             |    90 |    60 |    17 ||   167
       Headbutt          |    10 |     9 |     4 ||    23
  Use: Scroll            |     3 |       |     2 ||     5
       Potion            |       |     2 |     3 ||     5
  Eat: Chunk             |     1 |     1 |     2 ||     4
Armor: Scale mail        |    48 |    15 |     6 ||    69
Dodge: Dodged            |    32 |    12 |     3 ||    47
Block: Shield            |    40 |    36 |    11 ||    87
